 Dungeon Crawl Stone Soup version 0.24-a0-250-g6074511 (webtiles) character file.

Game seed: 418169474714421826

1123 Borgoz the Slicer (level 8, -3/48 HPs)
             Began as a Kobold Gladiator on Apr 14, 2019.
             Was a Follower of Ashenzari.
             Slain by an iguana (8 damage)
             ... on level 5 of the Dungeon.
             The game lasted 00:07:57 (5071 turns).

Borgoz the Slicer (Kobold Gladiator)                Turns: 5071, Time: 00:07:58

Health: -3/48      AC:  7    Str: 19    XL:     8   Next: 61%
Magic:  0/8        EV: 19    Int:  9    God:    Ashenzari [*.....]
Gold:   171        SH:  0    Dex: 16    Spells: 7/7 levels left

rFire    . . .     SeeInvis .   a - +0 rapier
rCold    . . .     Gourm    .   (shield restricted)
rNeg     . . .     Faith    .   i - +0 ring mail
rPois    .         Spirit   +   c - +0 helmet
rElec    .         Reflect  .   (no cloak)
rCorr    .         Harm     .   (no gloves)
MR       .....                  j - +0 pair of boots
Stlth    ++........             k - amulet of guardian spirit
HPRegen  0.16/turn              o - +2 ring of evasion
MPRegen  0.11/turn              (no ring)

@: mighty
A: small, carnivore
a: Curse Item, Scrying, Renounce Religion


You were on level 5 of the Dungeon.
You worshipped Ashenzari.
Ashenzari was aware of your devotion.
You were completely stuffed.

You visited 2 branches of the dungeon, and saw 6 of its levels.

You collected 171 gold pieces.

Inventory:

Hand Weapons
 a - a +0 rapier (weapon)
 z - a +0 antimagic dagger
 D - the +9 falchion "Bokkal" {slice, +Rage rElec rC- Dex+7}
   (You found it on level 5 of the Dungeon)

   It inflicts extra damage upon your enemies.
   It affects your dexterity (+7).
   It makes you vulnerable to cold.
   It insulates you from electricity.
   It lets you go berserk.
Armour
 c - a +0 helmet (worn)
 i - a +0 ring mail (worn)
 j - a +0 pair of boots (worn)
Jewellery
 k - an amulet of guardian spirit (around neck)
 o - a +2 ring of evasion (left hand)
 u - an uncursed ring of positive energy
 v - an uncursed ring of poison resistance
Scrolls
 b - 3 scrolls of teleportation {unknown}
 d - 2 scrolls of magic mapping {unknown}
 e - 7 scrolls of remove curse
 m - a scroll of immolation {unknown}
 n - 5 scrolls of identify {unknown}
 t - 4 scrolls of blinking {unknown}
 w - a scroll of noise {unknown}
 x - 2 scrolls of fog {unknown}
 y - a scroll of fear {unknown}
Potions
 g - a potion of resistance
 h - a potion of brilliance {unknown}
 l - a potion of curing
 p - a potion of heal wounds {unknown}
 q - a potion of cancellation {unknown}
 r - 2 potions of haste
 s - a potion of agility {unknown}
 A - a potion of magic
 B - a potion of invisibility {unknown}
 C - a potion of might
Comestibles
 f - 11 rations
 E - 9 chunks of flesh


   Skills:
 + Level 4.2 Fighting
 + Level 9.5 Short Blades
 + Level 2.6 Throwing
 + Level 2.9 Armour
 + Level 5.9 Dodging
 + Level 3.0 Stealth


You had 7 spell levels left.
You didn't know any spells.
Your spell library was empty.

Dungeon Overview and Level Annotations

Branches:
Dungeon (5/15)             Temple (1/1) D:4

Altars:
Ashenzari
Cheibriados
Dithmenos
Elyvilon
Fedhas
Gozag
Hepliaklqana
Kikubaaqudgha
Makhleb
Nemelex Xobeh
Okawaru
Ru
Sif Muna
Trog
Uskayaw
Vehumet
Wu Jian
Xom
Yredelemnul

Annotations:
D:5 2 transporters, Borgoz's ghost, novice KoGl


Innate Abilities, Weirdness & Mutations

You are small and have problems with some larger weapons.
You are carnivorous and can eat meat at any time.


Message History

The centaur closely misses you. The centaur misses you.
You closely miss the centaur.
The centaur is heavily wounded.
The centaur completely misses you. The centaur closely misses you.
The iguana bites you!
* * * LOW HITPOINT WARNING * * *
The centaur misses you.
You puncture the centaur!
You kill the centaur!
Your Stealth skill increases to level 3!
The iguana misses you. The centaur barely misses you.
You barely miss the iguana. The iguana misses you.
The centaur barely misses you.
You hit the iguana.
The iguana is moderately wounded.
The centaur misses you.
You hit the iguana.
The iguana is heavily wounded.
The iguana bites you!
You die...

##..#........$#.....#
#..©#....©...!#©.....#
#...#.....O...#..#... #
#...#l.##.##..#..#.. ..
+...#8.##.##W8#.... .##
###.##.....lO##.#.# ..?#
.....#########..#.#..##.
.................)...:..
........#.......@c#
........#.....(..l##
##......#....(.....#
.'......#.............
.#......#...##.....###
.#......#...########
##......#...##....##
.#......#....[.....#
.#......#..........#


You could see an ogre, a centaur, an iguana, Borgoz's ghost and a leopard gecko.

Vanquished Creatures
  2 ice beasts (D:5)
  A sky beast (D:5)
  A centaur (D:5)
  A bullfrog (D:2)
  2 howler monkeys
  A crimson imp (D:5)
  A hound (D:4)
  Crazy Yiuf (D:2)
  4 orc priests
  4 orc wizards
  A centaur skeleton (D:5)
  Terence (D:3)
  2 worker ants (D:4)
  Robin (D:2)
  3 gnolls (D:4)
  6 adders
  An ooze (D:2)
  An adder skeleton (D:5)
  2 worms
  2 dart slugs (D:1)
  2 leopard geckos
  21 orcs
  A ball python (D:2)
  6 bats
  4 giant cockroaches
  23 goblins
  9 hobgoblins
  6 jackals
  3 kobolds
  4 quokkas
  2 frilled lizards (D:4)
  2 quokka zombies (D:5)
  8 rats
  2 fungi (D:2)
131 creatures vanquished.

Vanquished Creatures (others)
  An orc (D:4)
1 creature vanquished.

Grand Total: 132 creatures vanquished

Notes
Turn   | Place    | Note
-------+----------+-------------------------------------------
     0 | D:1      | Borgoz the Kobold Gladiator began the quest for the Orb.
     0 | D:1      | Reached XP level 1. HP: 12/12 MP: 1/1
   183 | D:1      | Reached XP level 2. HP: 16/17 MP: 2/2
   391 | D:1      | Reached XP level 3. HP: 21/21 MP: 3/3
   834 | D:2      | Reached skill level 1 in Stealth
   890 | D:2      | You fall through a shaft for 2 floors!
   907 | D:4      | Reached skill level 5 in Short Blades
   907 | D:4      | Reached XP level 4. HP: 17/27 MP: 1/4
  1167 | D:4      | Found a staircase to the Ecumenical Temple.
  1182 | D:4      | Reached XP level 5. HP: 30/31 MP: 5/5
  1197 | Temple   | Entered the Ecumenical Temple
  1279 | Temple   | Became a worshipper of Ashenzari the Shackled
  1576 | D:4      | Reached skill level 6 in Short Blades
  1576 | D:4      | Reached skill level 1 in Armour
  2036 | D:2      | Noticed Robin
  2070 | D:2      | Killed Robin
  2070 | D:2      | Reached XP level 6. HP: 33/36 MP: 4/6
  2447 | D:2      | Found a runed translucent door.
  2448 | D:2      | Noticed Crazy Yiuf
  2457 | D:2      | Killed Crazy Yiuf
  2457 | D:2      | Reached skill level 7 in Short Blades
  2885 | D:3      | Reached * piety under Ashenzari
  3032 | D:3      | Noticed Terence
  3049 | D:3      | Killed Terence
  3293 | D:4      | Reached XP level 7. HP: 40/41 MP: 7/7
  3870 | D:4      | Found a hazy altar of Hepliaklqana.
  3909 | D:4      | Reached skill level 8 in Short Blades
  3945 | D:5      | Entered Level 5 of the Dungeon
  4021 | D:5      | Reached skill level 9 in Short Blades
  4021 | D:5      | Reached skill level 5 in Dodging
  4021 | D:5      | Reached XP level 8. HP: 32/48 MP: 4/8
  4513 | D:5      | Found a transporter.
  4700 | D:5      | Found a radiant altar of Vehumet.
  4700 | D:5      | Found a hide-covered altar of Uskayaw.
  4760 | D:5      | Found a transporter.
  4764 | D:5      | Noticed Borgoz's ghost (novice KoGl)
  4796 | D:5      | Got the falchion "Bokkal" {slice, +Rage rElec rC- Dex+7}
  5071 | D:5      | Slain by an iguana

Levels and vault maps discovered:
D:1:      evilmike_arrival_plus, layout_loops_ring,
          ebering_dispersal_statue_hall
D:2:      layout_loops_ring, uniq_crazy_yiuf_cottage, uniq_robin
D:3:      layout_loops_corners, first_ration, grunt_ministairs_14, uniq_terence
D:4:      layout_basic, overflow_temple_1_default, minmay_temple_entry_waves
D:5:      layout_gridville, gammafunk_temple_overflow_elements,
          gammafunk_ghost_arena, minmay_manual_mares
Temple:   eino_temple_scatter_basement

Skill      XL: |  1  2  3  4  5  6  7  8 |
---------------+-------------------------+-----
Dodging        | 4 5 |  5.9
Stealth        | 1 2 3 |  3.0
Short Blades   | 5 6 7 9 |  9.5
Armour         | 1 2 |  2.9
Fighting       | 3 4 |  4.2
Throwing       | |  2.6

Action                   |  1- 3 |  4- 6 |  7- 9 || total
-------------------------+-------+-------+-------++-------
Melee: Rapier            |    64 |   233 |   266 ||   563
Throw: Throwing net      |     2 |     3 |     1 ||     6
  Use: Potion            |     1 |     3 |     3 ||     7
 Stab: Sleeping          |     2 |     2 |       ||     4
       Distracted        |       |     1 |       ||     1
       Held in net/web   |       |     1 |     1 ||     2
  Eat: Chunk             |     8 |     8 |     6 ||    22
Armor: Ring mail         |    24 |    51 |    49 ||   124
Dodge: Dodged            |    61 |   160 |   201 ||   422

Table legend:
 A = Non-vault XP
 B = Vault XP
 C = Vault XP percentage of total XP
 D = Non-vault monster count
 E = Vault monster count
 F = Vault count percentage of total count
                 A         B        C        D         E       F
            +---------+---------+-------+---------+---------+-------
      Total |    1370 |     235 |  14.6 |     112 |      18 |  13.8
            +---------+---------+-------+---------+---------+-------
        D:1 |      38 |       0 |   0.0 |      19 |       0 |   0.0
        D:2 |     182 |      78 |  30.0 |      28 |      14 |  33.3
        D:3 |       9 |      42 |  82.4 |       5 |       3 |  37.5
        D:4 |     464 |       0 |   0.0 |      29 |       0 |   0.0
        D:5 |     677 |     115 |  14.5 |      31 |       1 |   3.1
            +---------+---------+-------+---------+---------+-------
